 Dungeon Crawl Stone Soup version 0.28-a0-657-g71136c5590 (webtiles) character file.

Game seed: 11772848868878215428

117 Drevant2 the Conjurer (level 5, -6/28 HPs)
             Began as a Kobold Conjurer on Oct 13, 2021.
             Mangled by an iguana (10 damage)
             ... on level 4 of the Dungeon.
             The game lasted 00:07:38 (4785 turns).

Drevant2 the Conjurer (Kobold Conjurer)             Turns: 4785, Time: 00:07:38

Health: -6/28      AC:  2    Str:  4    XL:     5   Next: 22%
Magic:  1/8        EV: 14    Int: 20    God:
Gold:   22         SH:  0    Dex: 14    Spells: 5/8 levels left

rFire   . . .      SeeInvis .   i - +0 rapier
rCold   . . .      Faith    .   (shield restricted)
rNeg    . . .      Spirit   .   a - +0 robe
rPois   .          Reflect  .   (no helmet)
rElec   .          Harm     .   (no cloak)
rCorr   .          Rampage  .   (no gloves)
Will    .....                   (no boots)
Stlth   +++.......              (no amulet)
HPRegen 0.09/turn               (no ring)
MPRegen 0.11/turn               (no ring)

@: no status effects
A: small, no large weapons, nightstalker 3
a: no special abilities


You were on level 4 of the Dungeon.
You visited 1 branch of the dungeon, and saw 4 of its levels.

You collected 107 gold pieces.
You spent 85 gold pieces at shops.

Inventory:

Hand Weapons
 b - a +0 dagger
 i - a +0 rapier (weapon)
Armour
 a - a +0 robe (worn)
Jewellery
 d - a ring of resist corrosion
Scrolls
 c - 3 scrolls of teleportation
 e - a scroll of amnesia
 g - a scroll of enchant armour {unknown}
 h - a scroll of brand weapon {unknown}
 j - 3 scrolls of fog
 k - 2 scrolls of fear


   Skills:
 - Level 2.4 Dodging
 - Level 2.6 Stealth
 - Level 2.1 Spellcasting
 * Level 6.1 Conjurations


You had 5 spell levels left.
You knew the following spells:

 Your Spells              Type           Power      Damage    Failure   Level
a - Magic Dart            Conj           100%       1d8       1%          1
b - Searing Ray           Conj           52%        2d6       1%          2

Your spell library contained the following spells:

 Spells                   Type           Power      Damage    Failure   Level
 Static Discharge         Conj/Air       14%        N/A       7%          2
 Dazzling Flash           Conj/Hex       28%        N/A       13%         3
 Animate Skeleton         Necr           4%         N/A       16%         1
 Apportation              Tloc           4%         N/A       16%         1
 Summon Small Mammal      Summ           8%         N/A       16%         1
 Fulminant Prism          Conj/Hex       7%         3d7       41%         4
 Iskenderun's Mystic Bla  Conj/Tloc      14%        2d5       41%         4
 Sticky Flame             Conj/Fire      14%        2d4       41%         4
 Call Canine Familiar     Summ           2%         N/A       43%         3
 Summon Guardian Golem    Hex/Summ       2%         N/A       43%         3
 Dispel Undead            Necr           2%         3d7       83%         4
 Borgnjor's Revivificati  Necr           1%         N/A       100%        8
 Necromutation            Tmut/Necr      1%         N/A       100%        8
 Death's Door             Necr           1%         N/A       100%        9


Dungeon Overview and Level Annotations

Branches:
Dungeon (4/15)
 Temple: D:4-7

Altars:
Hepliaklqana
Kikubaaqudgha
Qazlal

Shops:
D:4 =?!*


Innate Abilities, Weirdness & Mutations

You are small and have problems with some larger weapons.
You are completely attuned to the shadows.


Message History

Press: ? - help, Shift-Dir - straight line, f/p - iguana
Aim: an iguana (severely wounded, 82% to hit)
The searing ray hits the iguana.
The iguana is almost dead. (Press . to maintain the ray.)
The iguana misses you.
The searing ray misses the iguana.
The iguana completely misses you.
Without enough magic to sustain it, your searing ray dissipates.
The iguana bites you.
You closely miss the iguana.
The iguana is almost dead.
The iguana misses you.
You hit the iguana but do no damage.
The iguana is almost dead.
The iguana completely misses you. The iguana closely misses you.
You barely miss the iguana.
The iguana is almost dead.
The iguana bites you!
* * * LOW HITPOINT WARNING * * *
Casting: Searing Ray (safe; 1% risk of failure)
Confirm with . or Enter, or press ? or * to list all spells.
Aiming: Magic Dart (safe; 1% risk of failure)
Press: ? - help, Shift-Dir - straight line, f/p - iguana
Aim: an iguana (almost dead, 100% to hit)
The magic dart hits the iguana but does no damage.
The iguana is almost dead.
The iguana bites you.
* * * LOW HITPOINT WARNING * * *
You feel better. The iguana bites you!
* * * LOW HITPOINT WARNING * * *
You feel better. The iguana bites you!
* * * LOW HITPOINT WARNING * * *
You hit the iguana but do no damage.
The iguana is almost dead.
The iguana bites you.
* * * LOW HITPOINT WARNING * * *
You closely miss the iguana.
The iguana is almost dead.
The iguana bites you!
You die...

## .# .##
# ..# ..
..########
####.##
.........#
#@l....
.#######.#
#.##.#. .#
#<# #.# #
. #.# #.#
. #.#
#.#.. #.#
#.#.# #.#
#.#.#
###.#
#.#.###.
####...#
#.......


You could see an iguana.

Vanquished Creatures
  A hound skeleton (D:4)
  3 gnolls (D:2)
  An adder (D:3)
  4 dart slugs
  2 orcs (D:3)
  4 ball pythons
  2 endoplasms
  3 giant cockroaches
  7 goblins
  7 hobgoblins
  4 quokkas
  6 bats
  2 frilled lizards
  2 kobolds
  7 rats
55 creatures vanquished.

Vanquished Creatures (others)
  A fungus (D:2)
  A plant (D:3)
2 creatures vanquished.

Grand Total: 57 creatures vanquished

Notes
Turn   | Place    | Note
-------+----------+-------------------------------------------
     0 | D:1      | Drevant2 the Kobold Conjurer began the quest for the Orb.
     0 | D:1      | Reached XP level 1. HP: 10/10 MP: 3/3
   441 | D:1      | Reached XP level 2. HP: 7/15 MP: 0/5
  1426 | D:1      | Reached XP level 3. HP: 11/19 MP: 4/6
  2025 | D:2      | Reached skill level 5 in Conjurations
  2233 | D:1      | Learned a level 2 spell: Searing Ray
  2317 | D:2      | Reached XP level 4. HP: 24/24 MP: 2/7
  2795 | D:2      | Found a faded altar of an unknown god.
  3245 | D:3      | Found an ancient bone altar of Kikubaaqudgha.
  3276 | D:3      | Found a stormy altar of Qazlal.
  4075 | D:3      | Found a hazy altar of Hepliaklqana.
  4366 | D:4      | Found Ogussix's General Store.
  4367 | D:4      | Found Hora Bet's Magic Scroll Shoppe.
  4369 | D:4      | Found Xomur's Distillery.
  4370 | D:4      | Found Leute's Jewellery Shoppe.
  4375 | D:4      | Bought a scroll of teleportation for 30 gold pieces
  4375 | D:4      | Bought a scroll of fear for 35 gold pieces
  4375 | D:4      | Bought a scroll of identify for 20 gold pieces
  4387 | D:4      | Reached XP level 5. HP: 28/28 MP: 8/8
  4415 | D:4      | Reached skill level 6 in Conjurations
  4785 | D:4      | Mangled by an iguana

Illustrated notes

Levels and vault maps discovered:
D:1:      roderic_dead_forest, layout_basic
D:2:      layout_basic, dreamdust_ecumenical_altar_hidden_monk_grotto
D:3:      layout_basic, mainiacjoe_overflow_big_doors,
          mainiacjoe_overflow_boulevard, minmay_fractal_squares_5
D:4:      kennysheep_kobold_camp, layout_loops_corners, minmay_misc_feat_tower,
          minmay_shop_grid_forest

Skill      XL: |  1  2  3  4  5 |
---------------+----------------+-----
Conjurations   | 5 6 |  6.1
Dodging        | |  2.4
Stealth        | |  2.6
Spellcasting   | |  2.1

Action                   |  1- 3 |  4- 6 || total
-------------------------+-------+-------++-------
Melee: Dagger            |    27 |    19 ||    46
       Rapier            |       |    60 ||    60
 Cast: Magic Dart        |    33 |    30 ||    63
       Searing Ray       |     1 |     3 ||     4
  Use: Scroll            |       |     3 ||     3
       Potion            |       |     2 ||     2
 Stab: Sleeping          |     5 |     7 ||    12
Armor: Robe              |     3 |    19 ||    22
Dodge: Dodged            |    14 |    60 ||    74

Table legend: (Time is in decaauts)
 A = Elapsed time spent in this place.
 B = Non-inter-level travel time spent in this place.
 C = Inter-level travel time spent in this place.
 D = Time resting spent in this place.
 E = Time spent auto-exploring this place.
 F = Levels seen in this place.
 G = Mean time per level.
                   A        B        C        D        E       F      G
               +--------+--------+--------+--------+--------+-----+--------+
         Total |   4796 |   4574 |    222 |   1125 |   3020 |   4 | 1199.0 |
       Dungeon |   4796 |   4574 |    222 |   1125 |   3020 |   4 | 1199.0 |
               +--------+--------+--------+--------+--------+-----+--------+

Top non-repeatable levels by time:
     D:1: 1881 daAuts
     D:3: 1310 daAuts
     D:2: 1147 daAuts
     D:4: 457 daAuts
